 Dungeon Crawl Stone Soup version 0.21.1-1-g345015f (webtiles) character file.

126 nicolaieve the Conjurer (level 4, -8/33 HPs)
             Began as a Draconian Conjurer on June 4, 2018.
             Mangled by Theowulf's ghost (9 damage)
             ... on level 3 of the Dungeon.
             The game lasted 00:22:56 (2727 turns).

nicolaieve the Conjurer (Draconian Conjurer)        Turns: 2727, Time: 00:22:56

Health: -8/33      AC:  5    Str: 10    XL:     4   Next: 83%
Magic:  5/8        EV: 12    Int: 17    God:
Gold:   133        SH:  0    Dex: 11    Spells: 2/8 levels left

rFire    . . .     SeeInvis .   t - +2 spear (pierce)
rCold    . . .     Gourm    .   (no shield)
rNeg     . . .     Faith    .   (armour unavailable)
rPois    .         Spirit   .   (helmet restricted)
rElec    .         Reflect  .   (no cloak)
rCorr    .         Harm     .   (no gloves)
MR       .....                  (no boots)
Stlth    ++........             (no amulet)
HPRegen  0.11/turn              (no ring)
MPRegen  0.11/turn              (no ring)

@: no status effects
A: unfitting armour, cold-blooded, AC +5
a: no special abilities


You were on level 3 of the Dungeon.
You were not hungry.

You visited 1 branch of the dungeon, and saw 3 of its levels.

You collected 133 gold pieces.

Inventory:

Hand Weapons
 d - a +0 short sword
 p - a +0 short sword
 t - a +2 spear of piercing (weapon)
Missiles
 e - 92 stones (quivered)
 k - 11 poisoned needles
Armour
 j - a +0 robe
Wands
 n - a wand of flame (20)
 r - a wand of paralysis (12)
 u - a wand of scattershot (3)
Scrolls
 g - 2 scrolls of remove curse {unknown}
 l - 4 scrolls of identify {unknown}
 m - a scroll of enchant armour {unknown}
 q - a scroll of teleportation {unknown}
Potions
 c - a potion of degeneration {unknown}
 f - a potion of curing {unknown}
 h - a potion of invisibility {unknown}
 i - 2 potions of cancellation {unknown}
 o - a potion of lignification {unknown}
Books
 a - a book of Conjurations

   Spells                             Type                      Level
   a - Magic Dart                     Conjuration                  1
   b - Searing Ray                    Conjuration                  2
   c - Dazzling Spray                 Conjuration/Hexes            3
   d - Fulminant Prism                Conjuration/Hexes            4
   e - Force Lance                    Conjuration/Translocation    4
   f - Iskenderun's Mystic Blast      Conjuration                  4
Comestibles
 b - 9 rations


   Skills:
 + Level 0.2 Fighting
 + Level 0.1 Short Blades
 - Level 1.7 Dodging
 * Level 2.8 Stealth
 * Level 2.9 Spellcasting
 + Level 5.2 Conjurations


You had 2 spell levels left.
You knew the following spells:

 Your Spells              Type           Power        Failure   Level  Hunger
a - Magic Dart            Conj           ###.         1%          1    #......
b - Searing Ray           Conj           ###...       3%          2    ##.....
c - Dazzling Spray        Conj/Hex       ##....       19%         3    ###....


Dungeon Overview and Level Annotations

Branches:
Dungeon (3/15)

Altars:
Elyvilon

Annotations:
D:3 Theowulf's ghost, amateur HOFi


Innate Abilities, Weirdness & Mutations

Your plain brown scales are hard. (AC +5)
You cannot fit into any form of body armour.
You are cold-blooded and may be slowed by cold attacks.


Message History

Aim: Theowulf's ghost The searing ray misses Theowulf's ghost. (Press . to maintain the ray.)
The orc shouts!
The orc priest invokes the aid of Beogh against you.
Beogh smites you! Theowulf's ghost misses you.
Casting: Searing Ray
Confirm with . or Enter, or press ? or * to list all spells.
Aiming: Searing Ray
Press: ? - help, Shift-Dir - straight line, f/p - Theowulf's ghost
Aim: Theowulf's ghost
Okay, then.
The searing ray hits Theowulf's ghost.
The orc priest casts a cantrip, but nothing happens.
Theowulf's ghost hits you!
* * * LOW HITPOINT WARNING * * *
You closely miss Theowulf's ghost. Theowulf's ghost hits you!
* * * LOW HITPOINT WARNING * * *
You closely miss Theowulf's ghost. Theowulf's ghost hits you!
You die...

.o.......).%.......>
#.....###..#.....#.# #..
.# #.##.....#.# #..#.#
#.##.....#.## #...#
#.##.##.....#
#.###.#o####...........#
#......s...#.##........#
#####.#W##.#.##<......#
####.#@##.#....##....##
#....#.........#####..#
###.....#....# #..#
###.....#.#### ##.#
#.........# #.#
#)........# #..
#......####### ##.
#............# #.
#............# ##


You could see Theowulf's ghost, an orc and a giant cockroach.

Vanquished Creatures
  An orc wizard (D:3)
  2 adders (D:2)
  2 oozes
  A worm (D:3)
  3 dart slugs (D:1)
  4 orcs
  3 giant cockroaches (D:3)
  3 goblins
  6 hobgoblins
  3 jackals
  A quokka (D:2)
  2 ball pythons
  8 bats
  4 frilled lizards
  9 kobolds
  7 rats
59 creatures vanquished.

Notes
Turn   | Place    | Note
-------+----------+-------------------------------------------
     0 | D:1      | nicolaieve the Draconian Conjurer began the quest for the Orb.
     0 | D:1      | Reached XP level 1. HP: 14/14 MP: 3/3
   291 | D:1      | Reached XP level 2. HP: 10/20 MP: 0/5
  1171 | D:2      | Reached XP level 3. HP: 26/26 MP: 4/6
  1977 | D:3      | Found a white marble altar of Elyvilon.
  1998 | D:3      | Reached XP level 4. HP: 33/33 MP: 3/7
  2078 | D:2      | Learned a level 2 spell: Searing Ray
  2082 | D:2      | Learned a level 3 spell: Dazzling Spray
  2439 | D:3      | Reached skill level 5 in Conjurations
  2716 | D:3      | Noticed Theowulf's ghost (amateur HOFi)
  2726 | D:3      | HP: 1/33 [Theowulf's ghost (9)]
  2727 | D:3      | Mangled by Theowulf's ghost

Skill      XL: |  1  2  3  4 |
---------------+-------------+-----
Stealth        | 2 |  2.8
Conjurations   | 5 |  5.2
Fighting       | |  0.2
Short Blades   | |  0.1
Dodging        | |  1.7
Spellcasting   | |  2.9

Action                   |  1- 3 |  4- 6 || total
-------------------------+-------+-------++-------
Melee: Unarmed           |     7 |       ||     7
       Short sword       |    17 |       ||    17
       Tailslap          |     2 |     2 ||     4
       Spear             |       |    11 ||    11
Throw: Stone             |       |     1 ||     1
 Cast: Magic Dart        |    75 |    16 ||    91
       Searing Ray       |       |    11 ||    11
  Eat: Chunk             |     4 |     3 ||     7
Armor: Skin              |     6 |    17 ||    23
Dodge: Dodged            |    19 |    25 ||    44
